Unix NetHack Version 3.7.0-97 Work-in-progress - last build Feb 8 2024 15:05:57 (6d6cdf8371b60126770a3d7b88910941cb14a054,branch:master). Game began 2024-02-17 23:48:37, ended 2024-02-18 00:21:24. nurdglaw, chaotic female human Rogue ----- |...| ..Z.| |@..| |.... ----- Nurdglaw the Cutpurse St:16 Dx:18 Co:13 In:10 Wi:9 Ch:10 Chaotic S:392 Dlvl:4 $:0 HP:0(17) Pw:10(10) AC:7 Xp:3/53 T:1936 Latest messages: There is a large box here. Check it for traps? [ynq] (q) y You find no traps on the large box. In what direction? . There is a large box here. Check it for traps? [ynq] (q) y You find no traps on the large box. Hmmm, the large box turns out to be locked. Unlock it with your key? [ynq] (q) y You succeed in unlocking the box. You trigger a trap! A cloud of red gas billows from the large box. You stagger and your vision blurs... Are you waiting to get hit? Use 'm' prefix to force a no-op (to rest). Pick an object. D a dragon (small mimic) Talk to whom? (in what direction) j Are you waiting to get hit? Use 'm' prefix to force a no-op (to rest). Everything looks SO boring now. You feel a bit steadier now. The door opens. The large box is empty. In what direction? h You throw 2 daggers. The 1st dagger hits the giant bat. The 2nd dagger hits the giant bat! In what direction? h The dagger hits the giant bat. The giant bat bites! The giant bat bites! In what direction? h You kill the giant bat! g - 2 uncursed +0 daggers (at the ready) (4 in total). You see here a giant bat corpse. g - 2 uncursed +0 daggers (at the ready) (6 in total). The kitten eats a giant bat corpse. You descend the stairs. In what direction? u The dagger hits the dwarf zombie. The dwarf zombie hits! In what direction? u You throw 2 daggers. The 1st dagger hits the dwarf zombie. The 2nd dagger hits the dwarf zombie. In what direction? u You throw 2 daggers. The 1st dagger hits the dwarf zombie. The 2nd dagger hits the dwarf zombie. The dwarf zombie hits! You die... Do you want your possessions identified? [ynq] (y) y Do you want to see your attributes? [ynq] (y) q Inventory: Weapons K - an uncursed +0 boomerang b - an uncursed +0 dagger (weapon in right hand) g - an uncursed +0 dagger (at the ready) a - an uncursed +0 short sword (alternate weapon; not wielded) Armor w - an uncursed +0 orcish helm (being worn) c - an uncursed burnt +1 leather armor (being worn) Comestibles s - 4 uncursed food rations Potions Q - a cursed potion of blindness p - a cursed potion of gain ability N - 2 blessed potions of healing u - an uncursed potion of paralysis q - an uncursed potion of water Rings m - a cursed -5 ring of adornment Wands t - an uncursed wand of speed monster (0:3) Tools h - an uncursed sack containing 10 items F - an uncursed bag of tricks (0:11) k - an uncursed lock pick J - an uncursed skeleton key Contents of the sack: 30 gold pieces an uncursed scroll of magic mapping an uncursed spellbook of healing an uncursed spellbook of healing an uncursed potion of enlightenment a blessed potion of healing 2 uncursed potions of healing 2 uncursed potions of sickness an uncursed worthless piece of black glass an uncursed worthless piece of yellow glass Nurdglaw the Rogue's attributes: Background: You were a Cutpurse, a level 3 female human Rogue. You were chaotic, on a mission for Kos who was opposed by Issek (lawful) and Mog (neutral). You were right-handed. You were in the Dungeons of Doom, on level 4. You entered the dungeon 1936 turns ago. It was the midnight hour. You had 53 experience points, 27 more were needed to attain level 4. Your score was 392 before end-of-game adjustments. Basics: You had 0 out of 17 hit points. You had all 10 energy points (spell power). Your armor class was 7. Your wallet was empty, but you had 30 zorkmids stashed away in your pack. Autopickup was on for '$' plus thrown. Final Characteristics: Your strength was 16 (limit:18/100). Your dexterity was 18 (limit:18). Your constitution was 13 (limit:18). Your intelligence was 10 (limit:18). Your wisdom was 9 (limit:18). Your charisma was 10 (limit:18). Final Status: You weren't hungry. You were unencumbered. You were wielding a dagger. You had basic skill with dagger. Final Attributes: You were devoutly aligned. You were stealthy. You were warded. You are dead. Miscellaneous: You encountered 1 bones level. Total elapsed playing time was 32 minutes and 46 seconds. Major events: Turn 1: nurdglaw the chaotic female human Rogue entered the dungeon 1122: entered the Gnomish Mines 1755: attained the rank of Cutpurse (level 3) 1936: killed by a dwarf zombie Vanquished creatures: a giant bat an acid blob a gas spore a giant rat 3 geckos 6 jackals a fox a goblin a sewer rat 8 grid bugs 5 lichens 3 newts 32 creatures vanquished. No species were genocided or became extinct. Voluntary challenges: You read items or engraved 4 times. You engraved Elbereth 1 time. You never genocided any monsters. You never polymorphed an object. You never changed form. You used no wishes. Achievements: You entered the Gnomish Mines. You entered a shop. You attained the rank of Cutpurse. The Dungeons of Doom: levels 1 to 4 Level 1: "vault" An altar, a fountain. Level 2: A shop, a grave. Stairs down to The Gnomish Mines. Level 3: A grave. Level 4: <- You were here. Final resting place for you, killed by a dwarf zombie. The Gnomish Mines: Level 3: Final resting place for theworstmau-Wiz-Hum-Mal-Neu, killed by a shuriken, GrmlyFndsh-Val-Hum-Fem-Law, killed by a shuriken. Game over: ---------- / \ / REST \ / IN \ / PEACE \ / \ | nurdglaw | | 30 Au | | killed by a | | dwarf zombie | | | | | | 2024 | *| * * * | * _________)/\\_//(\/(/\)/\//\/|_)_______ Goodbye nurdglaw the Rogue... You died in The Dungeons of Doom on dungeon level 4 with 389 points, and 30 pieces of gold, after 1936 moves. You were level 3 with a maximum of 17 hit points when you died.